 Dungeon Crawl Stone Soup version 0.26-a0-649-gf8c6c3aab7 (webtiles) character file.

Game seed: 8649551335521625070

98 smeego the Shield-Bearer (level 4, -1/31 HPs)
             Began as an Octopode Fighter on Sept 27, 2020.
             Slain by a gnoll (9 damage)
             ... on level 3 of the Dungeon.
             The game lasted 00:01:32 (1809 turns).

smeego the Shield-Bearer (Octopode Fighter)         Turns: 1809, Time: 00:01:33

Health: -1/31      AC:  1    Str: 16    XL:     4   Next: 71%
Magic:  13/13      EV: 11    Int: 10    God:
Gold:   53         SH:  8    Dex: 11    Spells: 3/3 levels left

rFire    . . .     SeeInvis .   a - +0 long sword
rCold    . . .     Faith    .   b - +0 kite shield
rNeg     . . .     Spirit   .   (helmet restricted)
rPois    .         Reflect  .   (no amulet)
rElec    .         Harm     .   i - ring of magical power
rCorr    .         Rampage  .   (no ring)
MR       .....                  (no ring)
Stlth    +++.......             (no ring)
HPRegen  0.10/turn              (no ring)
MPRegen  0.13/turn              (no ring)
                                (no ring)
                                (no ring)

@: no status effects
A: almost no armour, stealthy swim, amphibious, 8 rings, constrict 8, camouflage
1, gelatinous body 1
a: no special abilities


You were on level 3 of the Dungeon.
You visited 1 branch of the dungeon, and saw 4 of its levels.

You collected 53 gold pieces.

Inventory:

Hand Weapons
 a - a +0 long sword (weapon)
Missiles
 f - 3 boomerangs (quivered)
Armour
 b - a +0 kite shield (worn)
Jewellery
 i - a ring of magical power (left tentacle)
Scrolls
 d - 3 scrolls of identify {unknown}
 e - a scroll of enchant weapon {unknown}
 g - a scroll of teleportation {unknown}
 h - a scroll of enchant armour {unknown}
 j - a scroll of amnesia {unknown}
 k - a scroll of remove curse {unknown}
 l - a scroll of fog {unknown}
Potions
 c - a potion of might


   Skills:
 + Level 3.3 Fighting
 * Level 3.0 Long Blades
 + Level 1.0 Throwing
 + Level 3.2 Dodging
 + Level 2.0 Stealth
 + Level 3.3 Shields
 + Level 1.2 Unarmed Combat


You had 3 spell levels left.
You didn't know any spells.
Your spell library was empty.

Dungeon Overview and Level Annotations

Branches:
Dungeon (4/15)
 Temple: D:4-7

Altars:


Innate Abilities, Weirdness & Mutations

You cannot wear most types of armour.
You are very stealthy in the water. (Stealth+)
You are amphibious.
You can wear up to eight rings at the same time.
You can use your tentacles to constrict eight enemies at once.
Your skin changes colour to match your surroundings (Stealth+).
Your rubbery body absorbs attacks. (AC +1, EV +1)


Message History

You slash the gnoll! You grab the gnoll.
The gnoll is severely wounded.
You constrict the gnoll. You block the gnoll's attack.
You slash the gnoll!
You kill the gnoll!
You block the gnoll's attack.
The gnoll throws a throwing net.
The throwing net hits you.
You become entangled in the net!
Unknown command.
You are held in a net!
You are held in a net!
Unknown command.
You struggle against the net.
The gnoll barely misses you.
You tear a large gash into the net.
The gnoll hits you!
You struggle against the net.
The gnoll hits you! The gnoll barely misses you. The gnoll hits you.
* * * LOW HITPOINT WARNING * * *
You rip the net and break free!
You block the gnoll's attack. x2
The gnoll barely misses you. The gnoll hits you!
You die...

#...........
#...........
+..........r
#...........
#.g.g####...
#....# #....#
####....####
#.......g.@#
#.......gg........
#.................
#.................
#..........###....
#..........# ....
#..........# ##.
#..........#
#..........#


You could see 3 gnolls.

Vanquished Creatures
  An orc wizard (D:4)
  A gnoll (D:3)
  An adder (D:2)
  An ooze (D:4)
  A worm (D:2)
  2 dart slugs
  4 leopard geckos
  2 orcs (D:4)
  2 giant cockroaches
  A hobgoblin (D:3)
  4 jackals (D:4)
  4 bats
  6 goblins
  3 kobolds (D:1)
  3 rats
36 creatures vanquished.

Notes
Turn   | Place    | Note
-------+----------+-------------------------------------------
     0 | D:1      | smeego the Octopode Fighter began the quest for the Orb.
     0 | D:1      | Reached XP level 1. HP: 16/16 MP: 1/1
   261 | D:1      | Reached XP level 2. HP: 18/21 MP: 2/2
   627 | D:2      | Reached skill level 1 in Stealth
   627 | D:2      | Reached XP level 3. HP: 21/26 MP: 3/3
   857 | D:2      | You fall into a shaft and drop 2 floors!
   908 | D:4      | Reached skill level 1 in Unarmed Combat
   908 | D:4      | Reached XP level 4. HP: 3/31 MP: 4/4
  1316 | D:4      | Reached skill level 1 in Throwing
  1329 | D:4      | Noticed an ogre
  1809 | D:3      | Slain by a gnoll

Illustrated notes

Levels and vault maps discovered:
D:1:      lemuel_arrival_hallway, layout_basic, minmay_misc_feat_cross
D:2:      layout_basic
D:3:      layout_basic, grunt_ministairs_14, uniq_natasha
D:4:      layout_basic, serial_rivers, chequers_serial_rivers_small_b,
          chequers_serial_rivers_marsh, chequers_serial_rivers_micro_a,
          chequers_serial_rivers_small_3, chequers_serial_rivers_small_3,
          minmay_parallelograms, elyvilon_altar_5, uniq_edmund, uniq_sigmund

Skill      XL: |  1  2  3  4 |
---------------+-------------+-----
Stealth        | 1 2 |  2.0
Unarmed Combat | 1 |  1.2
Throwing       | 1 |  1.0
Long Blades    | 3 |  3.0
Fighting       | |  3.3
Dodging        | |  3.2
Shields        | |  3.3

Action                   |  1- 3 |  4- 6 || total
-------------------------+-------+-------++-------
Melee: Long sword        |    48 |    12 ||    60
       Constrict         |    12 |     6 ||    18
       Tentacles         |     7 |     4 ||    11
 Stab: Sleeping          |     7 |     2 ||     9
Armor: Skin              |     1 |       ||     1
Dodge: Dodged            |    11 |     8 ||    19
Block: Kite shield       |    17 |     5 ||    22
       Rpst.: Long sword |     3 |     1 ||     4

Table legend: (Time is in decaauts)
 A = Elapsed time spent in this place.
 B = Non-inter-level travel time spent in this place.
 C = Inter-level travel time spent in this place.
 D = Time resting spent in this place.
 E = Time spent auto-exploring this place.
 F = Levels seen in this place.
 G = Mean time per level.
                   A        B        C        D        E       F      G
               +--------+--------+--------+--------+--------+-----+--------+
         Total |   1829 |   1816 |     13 |    712 |    840 |   4 |  457.2 |
       Dungeon |   1829 |   1816 |     13 |    712 |    840 |   4 |  457.2 |
               +--------+--------+--------+--------+--------+-----+--------+

Top non-repeatable levels by time:
     D:1: 620 daAuts
     D:4: 532 daAuts
     D:3: 430 daAuts
     D:2: 245 daAuts
